Cogmind - Beta 13 @@@ ROGUE MODE // 2024.04.20 @ 13:07:45 // Halloween2019/Abominations Player: Minty Result: Destroyed by Minor Abomination with Light Assault Rifle Performance ------------- Evolutions (0) 0 Regions Visited (1) 200 Robots Destroyed (8) 40 Value Destroyed (194) 194 Prototype IDs (0) 0 Alien Tech Used (0) 0 Bonus (0) 0 TOTAL SCORE: 434 Bonus ------- None Cogmind --------- Core Integrity 0/250 Matter 300/300 Energy 250/250 System Corruption 0% Temperature Cool (9) Movement Treading (160) Location -10/Materials Parts ------- > --- POWER (1) -------- Ion Engine > --- PROPULSION (2) --- Light Treads Light Treads > --- UTILITY (2) ------ Large Storage Unit > --- WEAPON (2) ------- (None) > --- INVENTORY (15) --- Light Ion Engine Aluminum Leg Wheel Compact Wheel Small Storage Unit Peak State ------------ > --- POWER ------------ Ion Engine > --- PROPULSION ------- Light Treads Light Treads > --- UTILITY ---------- Small Storage Unit Large Storage Unit > --- WEAPON ----------- Medium Laser Assault Rifle > --- INVENTORY -------- Light Ion Engine Aluminum Leg Wheel Compact Wheel [Rating: 7] Favorites ----------- Power Ion Engine Engine Ion Engine Propulsion Aluminum Leg Treads Light Treads Leg Aluminum Leg Utility Small Storage Unit Storage Small Storage Unit Weapon Assault Rifle Energy Gun Medium Laser Ballistic Gun Assault Rifle Build | -11 -10 ------- Run | Yrd Mat Slots Evolved . | . . Power . | . . Propulsion . | . . Utility . | . . Weapon . | . . Parts Attached 4 | . 4 Power . | . . Engine . | . . Core . | . . Reactor . | . . Propulsion 2 | . 2 Treads 2 | . 2 Leg . | . . Wheel . | . . Hover . | . . Flight . | . . Utility 1 | . 1 Device . | . . Storage 1 | . 1 Processor . | . . Hackware . | . . Protection . | . . Artifact . | . . Weapon 1 | . 1 Energy Gun . | . . Energy Cannon . | . . Ballistic Gun 1 | . 1 Ballistic Cannon . | . . Launcher . | . . Special Weapon . | . . Impact Weapon . | . . Slashing Weapon . | . . Piercing Weapon . | . . Special Melee Weapon . | . . Unidentified Prototypes . | . . Parts Lost 4 | . 4 Power . | . . Propulsion 1 | . 1 Utility . | . . Weapon 3 | . 3 Highest Loss Streak 2 | . 2 To Critical Strikes . | . . Average Slot Usage (%) 79 | . 79 Engine 14 | . 14 Treads 12 | . 12 Leg 12 | . 12 Storage 14 | . 14 Energy Gun 12 | . 12 Ballistic Gun 13 | . 13 Naked Turns . | . . Heaviest Build 29 | 14 29 Greatest Support 40 | 20 40 Greatest Overweight (x) 1 | . 1 Average Overweight (x) . | . . Largest Inventory Capacity 15 | . 15 Average Capacity 9 | . 9 Most Carried 6 | . 6 Average Carried 5 | . 5 Final Capacity 15 | 8 15 Final Carried 6 | 6 5 Class Distribution -------------------- 100% | Mutant Dominant Class ---------------- Mutant | -10/Materials Resources | -11 -10 ----------- Run | Yrd Mat Matter Collected 306 | 200 106 Remotely . | . . Salvage Created 280 | . 280 Parts 17 | . 17 Haulers Intercepted 1 | . 1 Recyclers Shooed . | . . Parts Field Recycled . | . . Retrieved Matter . | . . Parts Self-Destructed . | . . Prevented . | . . Kills | -11 -10 ------- Run | Yrd Mat Combat Hostiles Destroyed 7 | . 7 Guns 7 | . 7 Classes Destroyed 4 | . 4 Hauler 1 | . 1 Swarmer 3 | . 3 Grunt 3 | . 3 Abomination 1 | . 1 Best Kill Streak 3 | . 3 Combat Bots Only 3 | . 3 Max Kills in Single Turn 2 | . 2 Gunslinging . | . . Exploded . | . . Melee . | . . Uniques/NPCs Destroyed . | . . Combat | -11 -10 -------- Run | Yrd Mat Hostile Shots Fired 117 | . 117 Missed 25 | . 25 Damage Taken 1156 | . 1156 Core 252 | . 252 Absorbed by Shields . | . . Core Remaining (%) 100 | 100 . Volleys Fired 48 | . 48 Largest 2 | . 2 Hottest 70 | . 70 Shots Fired 86 | . 86 Gun 86 | . 86 Cannon . | . . Launcher . | . . Special . | . . Kinetic 41 | . 41 Thermal 45 | . 45 Explosive . | . . Electromagnetic . | . . Robot Hit Streak 13 | . 13 Robot Miss Streak 2 | . 2 Penetration Max . | . . Secondary Targets 1 | . 1 Max Gunslinging Chain 1 | . 1 Shots Hit Robots 61 | . 61 Core Hits 21 | . 21 Critical Kills . | . . Critical Parts Destroyed . | . . Critical Strikes 4 | . 4 Burn 4 | . 4 Melee Attacks . | . . Impact . | . . Slashing . | . . Piercing . | . . Sneak Attacks . | . . Combat Hostiles . | . . Follow-up Attacks . | . . Damage Inflicted 894 | . 894 Guns 857 | . 857 Cannons . | . . Explosions . | . . Melee . | . . Ramming 37 | . 37 Kinetic 360 | . 360 Thermal 497 | . 497 Explosive . | . . Electromagnetic . | . . Impact . | . . Slashing . | . . Piercing . | . . Highest Corruption . | . . Average Corruption . | . . Corruption Purged . | . . Corruption Blocked . | . . Overload Shots . | . . Overflow Damage . | . . Projectiles . | . . Explosions . | . . Melee . | . . Knockbacks . | . . Impact . | . . Kinetic . | . . Secondary . | . . Self-Inflicted Damage . | . . Shots . | . . Rammed 14 | . 14 Targets Rammed 16 | . 16 Kicked 2 | . 2 Crushed . | . . Highest Temperature 245 | . 245 Average Temperature 68 | . 68 Received Heat Transfer 357 | . 357 Effects 1 | . 1 Energy Bleed 1 | . 1 Siege Activations . | . . Robots Corrupted . | . . Combat Hostiles . | . . Parts Fried . | . . Impact Corruptions . | . . Robots Melted . | . . Combat Hostiles . | . . Parts Melted 3 | . 3 Heat Transferred 1096 | . 1096 Parts Sabotaged . | . . Parts Stolen . | . . Parts Stripped . | . . Power Chain Reactions . | . . Alert | -11 -10 ------- Run | Yrd Mat Peak Influence 157 | . 157 Initial . | . . Average 75 | . 75 Maximum Alert Level . | . . Low Security (%) 100 | . 100 Level 1 . | . . Level 2 . | . . Level 3 . | . . Level 4 . | . . Level 5 . | . . High Security . | . . Max Security . | . . Squads Dispatched 5 | . 5 Investigation 2 | . 2 Extermination . | . . Reinforcement 1 | . 1 Assault 2 | . 2 Garrison . | . . Intercept . | . . Searches Triggered . | . . Construction Impeded . | . . Haulers Reinforced . | . . Active Scanning Responses . | . . Cargo Convoy Interrupts . | . . Stealth | -11 -10 --------- Run | Yrd Mat Distress Signals 2 | . 2 Communications Jammed . | . . Distress Signals . | . . Times Spotted 12 | . 12 Peak Tracking Total 4 | . 4 Tactical Retreats 2 | . 2 Traps | -11 -10 ------- Run | Yrd Mat Traps Triggered 1 | . 1 Indirectly . | . . Trap Hack Attempts . | . . Triggered . | . . Disarmed . | . . Reprogrammed . | . . Reused . | . . Traps Extracted . | . . Installed . | . . Triggered . | . . Machines | -11 -10 ---------- Run | Yrd Mat Machines Disabled . | . . Max in Single Turn . | . . Machines Repaired . | . . Machines Dismantled . | . . Machines Sabotaged . | . . Overloaded Fab Kills . | . . Hacking | -11 -10 --------- Run | Yrd Mat Machines Accessed . | . . Terminals . | . . Fabricators . | . . Repair Stations . | . . Recycling Units . | . . Scanalyzers . | . . Garrison Access . | . . Total Hacks . | . . Successful . | . . Failed . | . . Catastrophic . | . . Database Lockouts . | . . Manual . | . . Terminals . | . . Fabricators . | . . Repair Stations . | . . Recycling Units . | . . Scanalyzers . | . . Garrison Access . | . . Terminal Hacks . | . . Fabricator Hacks . | . . Repair Station Hacks . | . . Recycling Unit Hacks . | . . Scanalyzer . | . . Garrison Access Hacks . | . . Unauthorized Hacks . | . . Terminals . | . . Fabricators . | . . Repair Stations . | . . Recycling Units . | . . Scanalyzers . | . . Garrison Access . | . . Data Cores Recovered . | . . Used . | . . Hacking Detections . | . . Full Trace Events . | . . Feedback Events . | . . Feedback Blocked . | . . Robot Schematics Acquired . | . . Robots Built . | . . Authchips . | . . Time . | . . Total Robot Build Rating . | . . Part Schematics Acquired . | . . Parts Built . | . . Authchips . | . . Time . | . . Total Part Build Rating . | . . Parts Repaired . | . . Time . | . . Parts Recycled . | . . Recycled Matter . | . . Retrieved Matter . | . . Retrieved Components . | . . Parts Scanalyzed . | . . Part Schematics Acquired . | . . Parts Damaged . | . . Bothacking | -11 -10 ------------ Run | Yrd Mat Used RIF Installer . | . . Robots Hacked . | . . Non-combat . | . . Combat . | . . Robot Hacks Applied . | . . Relay Couplers Released . | . . Fabnet Peak Effective % . | . . Robots Rewired . | . . Allies Hacked . | . . Hacks Repelled . | . . Allies | -11 -10 -------- Run | Yrd Mat Total Allies . | . . Largest Group . | . . Highest-Rated Group . | . . Highest-Rated Ally . | . . Total Orders . | . . Ally Attacks . | . . Total Damage . | . . Kills . | . . Allies Corrupted . | . . Allies Melted . | . . Intel | -11 -10 ------- Run | Yrd Mat Robot Analysis Total . | . . Derelict Logs Recovered . | . . Drone Launches . | . . Drone Recoveries . | . . Exploration | -11 -10 ------------- Run | Yrd Mat Turns Passed 322 | . 322 Spaces Moved 105 | 1 104 Core . | . . Treads 40 | . 40 Legs 65 | 1 64 Wheels . | . . Hover . | . . Flight . | . . Fastest Speed 120 | 120 120 Average Speed 139 | 120 140 Slowest Speed 190 | 120 190 Overloaded Moves . | . . Propulsion Burnouts . | . . Robots Hopped . | . . Cave-ins Triggered . | . . Exploration Rate (%) 14 | 2 27 Regions Visited 1 Branch Regions . Pre-discovered Areas . | . . Known Exits Taken . | . . Unknown Exits Taken 1 | 1 . Scrap Searched . | . . Spaces Dug . | . . Terrain Destroyed . | . . Melee . | . . Projectile . | . . AOE . | . . Terrain Rammed . | . . Walls Destroyed . | . . Machines Disabled . | . . Actions | -11 -10 --------- Run | Yrd Mat Total 173 | . 173 Wait . | . . Move 104 | . 104 Hop . | . . Pick Up . | . . Fast Attach 1 | . 1 Attach 2 | . 2 Detach 1 | . 1 Swap 1 | . 1 Drop . | . . Fire 48 | . 48 Melee . | . . Ram . | . . Kick 2 | . 2 Crush 14 | . 14 Escape Stasis . | . . Rewire . | . . Trap . | . . Miscellaneous . | . . Route ------- -11/Scrapyard -10/Materials History --------- Turn | Location | Event 1 | -11/Scrapyard | Discovered new exit (range 0) 1 | -11/Scrapyard | Entered Materials 49 | -10/Materials | Discovered new exit (range 6) 160 | -10/Materials | Core integrity fell below 50% 277 | -10/Materials | Core integrity fell below 20% 305 | -10/Materials | Build established: Mutant 323 | -10/Materials | Destroyed by Minor Abomination with Light Assault Rifle Last Messages --------------- 00211_ Lesser Abomination spits out Lgt. Assault Rifle. 00211_ Lesser Abomination absorbs Assault Rifle. 00213_ Acquired 48 matter. 00230_ Acquired 14 matter. 00245_ Acquired Lrg. Storage Unit. 00253_ Minor Abomination absorbs Sml. Storage Unit. 00261_ Triggered Alarm Trap. 00261_ An alarm sounds. 00261_ ALERT: Alarm triggered, dispatching investigation squad. 00279_ Minor Abomination spits out Wheel. 00279_ Minor Abomination absorbs Wheel. 00292_ Med. Laser destroyed. 00301_ Slammed into Minor Abomination. 00306_ ALERT: Dispatching additional forces to engage threats. 00306_ Slammed into Minor Abomination. 00312_ Warp Anomaly forced to warp away. 00312_ Assault Rifle destroyed. 00312_ Slammed into Minor Abomination. 00315_ Critical hit (Burn: +37). 00315_ Slammed into Minor Abomination. Map ----- +----------------------------------------------------+ | | | | | | | | | | | | | | | | | | | | | | | | | | | | | | | | | | | | | ###??????????????????#########??????? | | "" #???????#?????????# #??????? | | "" #???????#[????????# #??????? | | "" #???????# ???????# #??????? | | ????????? % ??????# #??????? | | % ######???? |?????# #??????? | | #+## #######+#########A####??????? | | = % %@ #???????? | | =[ u #???????? | | =### #####= ##########???????? | | [#?##+###???# #????????????????? | | %#?# ????# #????????????????? | | %### ??## ##????????????????? | | |! +[ #?######?????????????????? | | #### #????????????????????????? | | #??# #????????????????????????? | | #??# #????????????????????????? | | #??# = #????????????????????????? | | #??# % #????????????????????????? | | #??# #????????????????????????? | | #??# #????????????????????????? | | #### #????????????????????????? | | #######+##????????????????????????? | | #?????????????????????????????????? | | " #?????????????????????????????????? | | " #?????????????????????????????????? | | " #?????????????????????????????????? | | #?????????????????????????????????? | | +##?????????????????????????????????? | | #?????????????????????????????????? | | + "???????????????????????????????? | | #?????????????????????????????????? | +----------------------------------------------------+ Best States ------------- Heat Dissipation 25 Energy Generation 10 Energy Capacity 250 Matter Stores 300 Matter Capacity 300 Sight Range 16 Terrain Scan Density 10 Evasion (%) 55 Recoil Reduction 2 Item Schematics ----------------- None Robot Schematics ------------------ None Fabricated ------------ Nothing Alien Tech Used ----------------- None Achievements -------------- None Challenges ------------ None Game ------ Seed OpticalNeutronBlade Manual? 0 Play Time 00:03:29 Cumulative 722.1 hours Start 2024.04.20 @ 13:05:58 End 2024.04.20 @ 13:07:45 Sessions 1 Manual Loads 0 Difficulty Rogue Special Mode Halloween2019/Abominations Game No. 776 Rogue 501 Adventurer 123 Explorer 152 Win Type - Total 26 Types 20/0/4/1/0/0/0/1/0 Lore% 83 Gallery% 92 Achievement% 76 Wizard Run 0 Options --------- Layout 0 ASCII 0 Keyboard 1 Movement Numpad Keybinds 0 Fullscreen 2 Font 18/Terminus Map View 76x50 Zoom Use 0% Tactical HUD 1 Map Filters NONE Filters NONE Steam 1 RUN: 85ce2512-d38a-4051-997d-fe4bfdc504f4